 Dungeon Crawl Stone Soup version 0.24.1-8-ga250c9d538 (webtiles) character file.

Game seed: 16551380244952100608, levelgen mode: deterministic

3068 Peloso the Carver (level 9, 0/69 HPs)
             Began as a Demonspawn Fighter on May 3, 2020.
             Was a Priest of Okawaru.
             Succumbed to a killer bee's poison
             ... on level 7 of the Dungeon.
             The game lasted 00:19:43 (7465 turns).

Peloso the Carver (Demonspawn Fighter)              Turns: 7465, Time: 00:19:44

Health: 0/69       AC: 13    Str: 17 (19) XL:     9   Next: 58%
Magic:  1/10       EV:  3    Int:  8 (11) God:    Okawaru [***...]
Gold:   675        SH:  9    Dex:  9 (12) Spells: 8/8 levels left

rFire    . . .     SeeInvis .   a - +0 long sword
rCold    . . .     Gourm    .   c - +0 shield
rNeg     . . .     Faith    .   e - +0 plate armour
rPois    .         Spirit   +   p - +0 helmet
rElec    .         Reflect  .   (no cloak)
rCorr    .         Harm     .   (no gloves)
MR       .....                  (no boots)
Stlth    ..........             t - amulet of the acrobat
HPRegen  0.21/turn              (no ring)
MPRegen  0.12/turn              (no ring)

@: lethally poisoned (0 -> -11)
A: powered by death 2, magic shield
a: Heroism, Renounce Religion


You were on level 7 of the Dungeon.
You worshipped Okawaru.
Okawaru was most pleased with you.
You were near starving.

You visited 2 branches of the dungeon, and saw 9 of its levels.
You also visited: Ossuary.

You collected 675 gold pieces.

Inventory:

Hand Weapons
 a - a +0 long sword (weapon)
 b - a +2 war axe of flaming
Armour
 c - a +0 shield (worn)
 e - a +0 plate armour (worn)
 p - a +0 helmet (worn)
Jewellery
 n - an uncursed ring of fire {unknown}
 t - an amulet of the acrobat (around neck)
Wands
 q - a wand of flame (6)
 r - a wand of iceblast (4)
Scrolls
 g - 2 scrolls of magic mapping
 i - 2 scrolls of teleportation
 j - a scroll of random uselessness {unknown}
 k - a scroll of remove curse
 l - a scroll of identify
Potions
 d - 3 potions of might
 h - a potion of berserk rage
 m - a potion of mutation
 o - a potion of cancellation
 s - 3 potions of degeneration
 w - a potion of magic {unknown}
 x - 2 potions of brilliance {unknown}
Comestibles
 f - 18 rations


   Skills:
 + Level 5.7 Fighting
 + Level 8.7 Long Blades
 + Level 5.9 Armour
 + Level 0.7 Dodging
 + Level 1.4 Stealth
 + Level 5.6 Shields
 + Level 1.6 Invocations
 + Level 0.4 Evocations


You had 8 spell levels left.
You didn't know any spells.
Your spell library was empty.

Dungeon Overview and Level Annotations

Branches:
Dungeon (8/15)             Temple (1/1) D:4         Ossuary (visited)
   Lair: D:8-11

Altars:
Cheibriados
Dithmenos
Fedhas
Gozag
Makhleb
Okawaru
Ru
Sif Muna
Vehumet
Wu Jian
Xom
Zin
The Shining One


Innate Abilities, Weirdness & Mutations

You regenerate health from kills.
When hurt, damage is shared between your health and your magic reserves.


Message History

You are more poisoned.
The killer bee poisons you! The killer bee stings you.
* * * LOW HITPOINT WARNING * * *
You hit the killer bee.
The killer bee is almost dead.
* * * LOW HITPOINT WARNING * * *
You feel sick.
The killer bee stings you but does no damage. x2
The killer bee stings you.
* * * LOW HITPOINT WARNING * * *
You closely miss the killer bee.
The killer bee is almost dead.
* * * LOW HITPOINT WARNING * * *
You feel sick. The killer bee stings you!
* * * LOW HITPOINT WARNING * * *
The killer bee barely misses you.
Unknown command.
You completely miss the killer bee.
The killer bee is almost dead.
You die...

######## ####
##.##...#
#..##########.......#
##........##......###
##..#####........##
#..## #####....##
##..# #.....# #..##
##.....# ##..#
#..@...# #..##
#(†y...# #..#
#>....## #<##
#([.##.## ..#
######..# .## ##.##
## ##.## # ##.# #
#.##


You could see a killer bee.

Vanquished Creatures
  A spriggan (D:8)
  A hungry ghost (D:7)
  Edmund (D:5)
  An orc warrior (D:7)
  5 ogres
  3 phantoms
  3 centaurs
  An elf zombie (Ossuary)
  A big kobold (D:7)
  2 bullfrogs (D:8)
  A water moccasin zombie (D:7)
  A water moccasin skeleton (D:7)
  A scorpion (D:7)
  A killer bee (D:7)
  3 crimson imps
  A centaur zombie (Ossuary)
  A jelly (D:7)
  2 hounds
  7 orc priests
  2 human zombies (Ossuary)
  2 centaur skeletons (D:4)
  6 orc wizards
  3 worker ants
  3 big kobold zombies (Ossuary)
  2 mummies (Ossuary)
  Robin (D:2)
  3 gnolls (D:7)
  A howler monkey skeleton (D:8)
  12 adders
  A shadow imp (D:6)
  A white imp (D:4)
  An ooze (D:2)
  6 worms
  3 dart slugs
  3 leopard geckos
  22 orcs
  A giant cockroach (D:1)
  17 goblins
  11 hobgoblins
  12 jackals
  16 kobolds
  2 quokkas
  6 bats
  5 frilled lizards
  A gnoll zombie (Ossuary)
  2 goblin zombies (Ossuary)
  2 hobgoblin zombies (Ossuary)
  A leopard gecko zombie (D:5)
  2 orc zombies (Ossuary)
  6 rats
193 creatures vanquished.

Notes
Turn   | Place    | Note
-------+----------+-------------------------------------------
     0 | D:1      | Peloso the Demonspawn Fighter began the quest for the Orb.
     0 | D:1      | Reached XP level 1. HP: 18/18 MP: 1/1
   262 | D:1      | Gained mutation: When hurt, damage is shared between your
                  | health and your magic reserves. [demonic ancestry]
   262 | D:1      | Reached XP level 2. HP: 20/24 MP: 2/2
   277 | D:1      | Reached skill level 2 in Long Blades
   670 | D:2      | Reached XP level 3. HP: 26/29 MP: 3/3
   924 | D:2      | Reached skill level 3 in Long Blades
   924 | D:2      | Gained mutation: You regenerate a little health from kills.
                  | [demonic ancestry]
   924 | D:2      | Reached XP level 4. HP: 25/35 MP: 4/4
  1806 | D:3      | Noticed Robin
  1830 | D:2      | Killed Robin
  2083 | D:3      | Found an opulent altar of Gozag.
  2298 | D:3      | Reached XP level 5. HP: 42/42 MP: 5/5
  2642 | D:4      | Found a staircase to the Ecumenical Temple.
  2673 | Temple   | Entered the Ecumenical Temple
  2724 | Temple   | Became a worshipper of Warmaster Okawaru
  2864 | D:4      | Reached skill level 4 in Long Blades
  2919 | D:4      | Found a shadowy altar of Dithmenos.
  2948 | D:4      | Reached skill level 1 in Stealth
  2991 | D:4      | Reached XP level 6. HP: 42/48 MP: 6/6
  3195 | D:4      | Found a blossoming altar of Fedhas.
  3279 | D:5      | Entered Level 5 of the Dungeon
  3464 | D:5      | Noticed Edmund
  3479 | D:5      | Killed Edmund
  3479 | D:5      | Reached * piety under Okawaru
  3479 | D:5      | Reached skill level 5 in Long Blades
  3487 | D:5      | Gained mutation: You regenerate health from kills. [demonic
                  | ancestry]
  3487 | D:5      | Reached XP level 7. HP: 20/54 MP: 1/7
  3519 | D:5      | Found an opulent altar of Gozag.
  3855 | D:5      | Found a glowing golden altar of the Shining One.
  3869 | D:5      | Reached skill level 6 in Long Blades
  4030 | D:5      | Reached XP level 8. HP: 61/61 MP: 8/8
  4422 | D:6      | Reached ** piety under Okawaru
  4541 | D:6      | Reached skill level 5 in Fighting
  5039 | D:6      | Found a glowing silver altar of Zin.
  5099 | D:7      | Reached skill level 7 in Long Blades
  5131 | D:7      | Reached skill level 5 in Shields
  5143 | D:7      | Reached skill level 1 in Invocations
  5169 | D:7      | Reached skill level 5 in Armour
  5208 | D:7      | Reached XP level 9. HP: 10/68 MP: 0/10
  5240 | D:7      | Found a sand-covered staircase.
  5404 | Ossuary  | Entered an ossuary
  5686 | Ossuary  | Reached skill level 8 in Long Blades
  6202 | D:7      | Reached *** piety under Okawaru
  7464 | D:7      | HP: 1/69 [killer bee (5)]
  7465 | D:7      | Succumbed to a killer bee's poison

Levels and vault maps discovered:
D:1:      grunt_arrival_lava_bath, layout_loops_cross
D:2:      layout_basic, kennysheep_doodads
D:3:      layout_loops_ring, first_ration, lemuel_tele_altar, uniq_robin
D:4:      layout_basic, lemuel_round_altar, lemuel_doored_altar,
          minmay_temple_entry_slanted, minmay_fire_ice_demons
D:5:      layout_loops_ring, tso_metal_star,
          nicolae_gozag_cash_rules_everything_around_me, grunt_ministairs_1,
          uniq_edmund
D:6:      layout_layer_cave, kennysheep_mini_moat
D:7:      layout_cave_pods, enter_ossuary_2
D:8:      layout_rooms, lemuel_crystal_altar, st_stairs_12, the_bakery,
          uniq_prince_ribbit1
Temple:   eino_temple_scatter_basement

Skill      XL: |  1  2  3  4  5  6  7  8  9 |
---------------+----------------------------+-----
Long Blades    | 2 3 4 5 6 7 8 |  8.7
Shields        | 3 4 5 |  5.6
Armour         | 3 4 5 |  5.9
Stealth        | 1 |  1.4
Fighting       | 4 5 |  5.7
Invocations    | 1 |  1.6
Dodging        | |  0.7
Evocations     | |  0.4

Action                   |  1- 3 |  4- 6 |  7- 9 || total
-------------------------+-------+-------+-------++-------
Melee: Long sword        |   134 |   304 |   672 ||  1110
Invok: Heroism           |       |     1 |     6 ||     7
Evoke: Wand              |       |       |     7 ||     7
  Use: Potion            |     4 |       |     7 ||    11
       Scroll            |       |       |    11 ||    11
  Eat: Chunk             |       |     9 |    11 ||    20
       Ration            |       |       |     1 ||     1
Armor: Plate armour      |   112 |   247 |   447 ||   806
Dodge: Dodged            |    21 |    28 |   136 ||   185
Block: Shield            |    73 |   183 |   386 ||   642
       Rpst.: Long sword |     8 |    12 |    43 ||    63
